AoeStats
← Azabachee

Arabia

507958508Analyzed
2v2 RM · 11d ago on Sep 20, 2026· 49m 53s· 4 players
Game mode
Random Map
Map size
Medium (4 player)
Population
200
Speed
Normal
Resources
Standard
Victory
Conquest
Starting age
Dark Age
Ending age
Imperial Age
RankedLock teamsTeams togetherTeam positionsShared explorationLock speedFull tech treeHidden civsTurbo modeCheats
Victory
Defeat
🇦🇷 Hindustanis · Argentina
1183
+13
🇦🇷 Japanese · Argentina
1180
+14
🇪🇸 Byzantines · Spain
1153
-14
🇪🇸 Tatars · Spain
1102
-13
Xolasos
9:38 Loom
13:54 Feudal Age
17:39 Fletching
21:40 Castle Age
24:10 Bodkin Arrow
27:59 Padded Archer Armor
30:55 Double-Bit Axe
30:37 Elite Skirmisher
33:13 Bow Saw
43:19 Wheelbarrow
49:52 Hand Cart
tarariketevi
6:13 Loom
9:49 Feudal Age
10:45 Double-Bit Axe
14:04 Scale Barding Armor
15:23 Forging
16:30 Horse Collar
20:58 Wheelbarrow
25:08 Castle Age
25:15 Pikeman
25:55 Squires
25:41 Arson
26:33 Iron Casting
25:58 Scale Mail Armor
25:55 Elite Skirmisher
26:27 Fletching
26:38 Padded Archer Armor
37:56 Bodkin Arrow
38:17 Leather Archer Armor
38:18 Chain Mail Armor
38:57 Hand Cart
44:54 Imperial Age
43:15 Thumb Ring
46:17 Ring Archer Armor
45:49 Bracer
46:20 Plate Mail Armor
46:33 Ballistics
47:13 Chemistry
46:59 Plate Mail Armor
49:19 Halberdier
Thompson
7:18 Loom
9:50 Feudal Age
10:31 Double-Bit Axe
10:41 Horse Collar
16:15 Town Watch
23:26 Castle Age
22:09 Scale Barding Armor
22:15 Forging
22:18 Bloodlines
22:55 Gold Mining
24:39 Bow Saw
25:14 Chain Barding Armor
25:35 Husbandry
26:15 Gold Shaft Mining
28:04 Iron Casting
35:40 Town Patrol
36:16 Wheelbarrow
42:03 Hand Cart
42:59 Scale Mail Armor
46:20 Imperial Age
44:59 Heavy Plow
46:24 Heavy Camel Rider
47:42 Plate Barding Armor
48:08 Blast Furnace
47:24 Chain Mail Armor
Azabachee
10:08 Feudal Age
8:25 Loom
10:11 Man-at-Arms
10:38 Double-Bit Axe
15:07 Fletching
15:58 Padded Archer Armor
25:34 Castle Age
23:45 Gold Mining
25:36 Crossbowman
26:13 Bodkin Arrow
26:57 Town Watch
28:51 Wheelbarrow
28:33 Leather Archer Armor
28:30 Bow Saw
29:42 Horse Collar
30:58 Thumb Ring
38:09 Imperial Age
38:13 Arbalester
38:30 Light Cavalry
39:07 Capped Ram
39:48 Bracer
41:05 Chemistry
43:52 Conscription
47:03 Ballistics
Connection lost

Rejoining the realm…

Still unreachable

The connection could not be restored.

Session expired

The server has moved on; the page needs a fresh start.